 Dungeon Crawl Stone Soup version 0.31-a0-232-gb1c03b2570 (webtiles) character file.

Game seed: 11117494276542388551

1084 qw the Skirmisher (level 8, -4/68 HPs)
             Began as a Minotaur Hexslinger on July 6, 2023.
             Slain by a gnoll sergeant
             ... wielding a +0 trident
              (7 damage)
             ... on level 6 of the Dungeon.
             The game lasted 00:01:24 (4201 turns).

qw the Skirmisher (Minotaur Hexslinger)             Turns: 4201, Time: 00:01:24

Health: -4/68      AC: 15    Str: 14    XL:     8   Next: 8%
Magic:  8/8        EV: 12    Int: 10    God:
Gold:   322        SH:  0    Dex: 18    Spells: 8/9 levels left

rFire   . . .        Y - +0 orcbow
rCold   . . .        (shield currently unavailable)
rNeg    . . .        c - +0 ring mail
rPois   .            (helmet restricted)
rElec   .            (no cloak)
rCorr   .            d - +1 pair of gloves
SInv    .            (no boots)
Will    .....        (no amulet)
Stlth   +            a - ring "Lank" {AC+4 Dex+4}
HPRegen 0.31/turn    g - +4 ring of protection
MPRegen 0.11/turn

%: no passive effects
@: about to teleport
A: horns 2, retaliatory headbutt
a: no special abilities


You were on level 6 of the Dungeon.
You visited 1 branch of the dungeon, and saw 6 of its levels.

You collected 322 gold pieces.


Innate Abilities, Weirdness & Mutations

You have a pair of horns on your head.
You reflexively headbutt those who attack you in melee.


   Skills:
 - Level 5.3 Fighting
 + Level 8.7 Ranged Weapons
 - Level 2.4 Armour
 - Level 3.2 Dodging
 - Level 1.0 Spellcasting
 - Level 2.0 Hexes


You had 8 spell levels left.
You knew the following spells:

 Your Spells              Type           Power      Damage    Failure   Level
a - Slow                  Hex            16%        N/A       30%         1

Your spell library contained the following spells:

 Spells                   Type           Power      Damage    Failure   Level
 Inner Flame              Hex/Fire       2%         N/A       80%         3
 Portal Projectile        Hex/Tloc       4%         N/A       80%         3
 Cause Fear               Hex            2%         N/A       96%         4

Inventory:

Hand Weapons
 Y - a +0 orcbow (weapon)
Armour
 c - a +0 ring mail (worn)
 d - a +1 pair of gloves (worn)
Jewellery
 a - the ring "Lank" (left hand) {AC+4 Dex+4}
   (You acquired it on level 1 of the Dungeon)

   [ring of protection]

   AC:        It affects your AC (+4).
   Dex:       It affects your dexterity (+4).
 g - a +4 ring of protection (right hand)
Scrolls
 l - a scroll of teleportation
 n - a scroll of identify
Potions
 b - 3 potions of mutation
 e - a potion of curing
 f - a potion of resistance
 h - a potion of heal wounds

Dungeon Overview and Level Annotations

Branches:
Dungeon (6/15)
 Temple: D:4-7

Altars:
Gozag
Nemelex Xobeh
The Shining One

Shops:
D:5 *


Message History

The gnoll completely misses you.
You shoot an arrow. The arrow barely misses the gnoll.
The gnoll hits you from afar with a +0 halberd!
The gnoll barely misses you. The gnoll completely misses you.
The gnoll misses you. The gnoll hits you with a +0 whip. The gnoll misses you.
You shoot an arrow. The arrow hits the gnoll!
The gnoll is heavily wounded.
You hear an angry hiss.
The gnoll hits you but does no damage. x2; The gnoll hits you with a +0 whip.
You shoot an arrow. The arrow closely misses the gnoll.
You hear an angry hiss.
The gnoll closely misses you. The gnoll hits you but does no damage.
The gnoll hits you with a +0 whip.
You hear a shout!
You shoot an arrow. The arrow hits the gnoll!
You kill the gnoll!
The gnoll hits you but does no damage. x2
You shoot an arrow. The arrow closely misses the gnoll.
You hear a shout!
You hear an angry hiss.
The gnoll misses you. The gnoll barely misses you.
You shoot an arrow. The arrow hits the gnoll.
You kill the gnoll!
The gnoll hits you but does no damage.
A gnoll sergeant comes into view. It is wielding a +0 trident.
You shoot an arrow. The arrow hits the gnoll sergeant!
The gnoll sergeant is heavily wounded.
The gnoll completely misses you.
The gnoll sergeant hits you with a +0 trident. x2
The gnoll closely misses you. The gnoll hits you but does no damage.
You shoot an arrow.
The arrow barely misses the gnoll sergeant.
The gnoll hits you with a +0 flail.
The gnoll hits you from afar with a +0 spear.
The gnoll sergeant hits you with a +0 trident!
4201 ||| READING 2 scrolls of teleportation.
As you read the scroll of teleportation, it crumbles to dust.
You feel strangely unstable. The gnoll hits you with a +0 flail.
The gnoll hits you but does no damage.
The gnoll sergeant hits you with a +0 trident!
You die...

### #.. ###.# ...#
## #..#
##g######..#
#)g@....#..#
#..g####.....#
..... #..#.## ...#
##..#.###### ##
....#......#
#.###....%.#.# ##
######.#.### ...
#.#...#
....########.###.#


You could see a gnoll sergeant and 2 gnolls.

Vanquished Creatures
  Prince Ribbit (D:5)
  Grinder (D:4)
  An ogre (D:4)
  A phantom (D:5)
  A bullfrog (D:6)
  A scorpion (D:6)
  2 hounds
  A jelly (D:6)
  A gnoll bouda (D:6)
  3 iguanas
  6 adders
  7 gnolls
  An ufetubus (D:6)
  2 worms
  A dart slug (D:4)
  9 orcs
  4 bats
  2 endoplasms
  3 giant cockroaches
  4 goblins
  10 hobgoblins
  7 jackals
  3 quokkas
  8 ball pythons
  A frilled lizard (D:2)
  10 kobolds
  3 rats
94 creatures vanquished.

Notes
Turn   | Place    | Note
-------+----------+-------------------------------------------
     0 | D:1      | qw the Minotaur Hexslinger began the quest for the Orb.
     0 | D:1      | Reached XP level 1. HP: 16/16 MP: 1/1
     0 | D:1      | 0 ||| qw: Version: 0.3-a-46-gb1f654a
     0 | D:1      | 0 ||| qw: Game counter: 2105
     0 | D:1      | 0 ||| qw: Melee chars always use a shield: true
     0 | D:1      | 0 ||| qw: God list: Okawaru
     0 | D:1      | 0 ||| qw: Allow faded altars: false
     0 | D:1      | 0 ||| qw: Do Orc after clearing Dungeon:15 true
     0 | D:1      | 0 ||| qw: Do second Lair branch before Depths: true
     0 | D:1      | 0 ||| qw: Lair rune preference: random
     0 | D:1      | 0 ||| qw: Goals: Normal
     0 | D:1      | 0 ||| PLANNING D:1-11
   292 | D:1      | Reached skill level 3 in Ranged Weapons
   348 | D:1      | Reached XP level 2. HP: 23/23 MP: 2/2
   570 | D:1      | Reached XP level 3. HP: 29/29 MP: 3/3
   888 | D:1      | 888 ||| UPGRADING to +1 pair of gloves.
   893 | D:1      | 893 ||| UPGRADING to +0 leather armour.
   903 | D:1      | 903 ||| DROPPING +0 robe.
   904 | D:1      | 904 ||| READING scroll labelled AGGASU YNAO.
   907 | D:1      | 907 ||| READING scroll labelled ZUECUI DEFF.
   907 | D:1      | Identified a scroll of acquirement
   907 | D:1      | 907 ||| ACQUIRING ring "Lank" {AC+4 Dex+4}
   907 | D:1      | Acquired the ring "Lank" {AC+4 Dex+4}
   909 | D:1      | 909 ||| UPGRADING to ring "Lank" {AC+4 Dex+4}.
   910 | D:1      | 910 ||| READING scroll labelled ZERUMI OLLANAL.
  1011 | D:1      | 1011 ||| READING scroll labelled MYPTAY OPAY.
  1012 | D:1      | 1012 ||| DROPPING scroll of poison.
  1278 | D:2      | 1278 ||| FLEEEEING.
  1279 | D:2      | 1279 ||| FLEEEEING.
  1280 | D:2      | 1280 ||| FLEEEEING.
  1281 | D:2      | 1281 ||| FLEEEEING.
  1282 | D:2      | 1282 ||| FLEEEEING.
  1283 | D:2      | 1283 ||| FLEEEEING.
  1284 | D:2      | 1284 ||| FLEEEEING.
  1285 | D:2      | 1285 ||| FLEEEEING.
  1286 | D:2      | 1286 ||| FLEEEEING.
  1287 | D:2      | 1287 ||| FLEEEEING.
  1490 | D:2      | Reached skill level 4 in Ranged Weapons
  1518 | D:2      | 1518 ||| READING scroll of acquirement.
  1518 | D:2      | 1518 ||| ACQUIRING +3 sling of flaming
  1518 | D:2      | Acquired a +3 sling of flaming
  1520 | D:2      | 1520 ||| SWAPPING to +3 sling of flaming.
  1521 | D:2      | 1521 ||| DROPPING +1 sling.
  1701 | D:2      | 1701 ||| UPGRADING to +0 ring mail.
  1711 | D:2      | 1711 ||| DROPPING +0 leather armour.
  1712 | D:2      | 1712 ||| READING 2 scrolls labelled MOTEOKK SANU.
  1713 | D:2      | 1713 ||| READING 2 scrolls labelled DAT VEUZXOACK.
  1714 | D:2      | 1714 ||| READING scroll labelled GYIRONA GERRIU.
  1715 | D:2      | 1715 ||| DRINKING 2 purple potions.
  1716 | D:2      | 1716 ||| DROPPING scroll of butterflies.
  1717 | D:2      | 1717 ||| DROPPING scroll of amnesia.
  1759 | D:3      | Reached skill level 1 in Armour
  1947 | D:3      | 1947 ||| SWAPPING to +0 orcbow.
  1951 | D:3      | 1951 ||| DROPPING +3 sling of flaming.
  2319 | D:3      | 2319 ||| UPGRADING to +4 ring of protection.
  2320 | D:3      | 2320 ||| READING scroll labelled CAGRAKHUEBO.
  2321 | D:3      | 2321 ||| READING scroll labelled ZIAL REVAMUHOI.
  2353 | D:4      | Reached XP level 4. HP: 36/36 MP: 4/4
  2532 | D:4      | Reached skill level 5 in Ranged Weapons
  2547 | D:4      | Noticed Grinder
  2566 | D:4      | Killed Grinder
  2567 | D:4      | Reached XP level 5. HP: 19/48 MP: 5/5
  2567 | D:4      | Reached XP level 6. HP: 23/56 MP: 6/6
  2916 | D:4      | Found a glowing golden altar of the Shining One.
  3113 | D:4      | 3113 ||| READING scroll labelled JOILEZ PEUPAAN.
  3114 | D:4      | 3114 ||| READING scroll labelled WYBROVVAEJI.
  3207 | D:4      | 3207 ||| READING 2 scrolls labelled LIOTAO UT HOP.
  3208 | D:4      | 3208 ||| DRINKING 2 cyan potions.
  3241 | D:4      | 3241 ||| READING 2 scrolls of identify.
  3241 | D:4      | 3241 ||| IDENTIFYING fizzy black potion
  3242 | D:4      | 3242 ||| DROPPING potion of lignification.
  3243 | D:4      | 3243 ||| DROPPING scroll of revelation.
  3278 | D:5      | Entered Level 5 of the Dungeon
  3281 | D:5      | 3281 ||| STAIRDANCE
  3426 | D:5      | 3426 ||| STAIRDANCE
  3431 | D:4      | Reached skill level 6 in Ranged Weapons
  3532 | D:5      | Noticed Prince Ribbit
  3549 | D:5      | Killed Prince Ribbit
  3550 | D:5      | Reached skill level 7 in Ranged Weapons
  3550 | D:5      | Reached XP level 7. HP: 24/61 MP: 7/7
  3779 | D:5      | Found a sparkling altar of Nemelex Xobeh.
  3788 | D:5      | Reached skill level 8 in Ranged Weapons
  3797 | D:5      | Found Gozag's Platinum Reserve.
  3812 | D:5      | Found an opulent altar of Gozag.
  4023 | D:5      | 4023 ||| SHOPLISTING +0 robe of a Labyrinth {rPois rC+
                  | Int+6 Dex-2} (2730 gold, have 291).
  4023 | D:5      | 4023 ||| SHOPLISTING amulet of Leil Bephu {rC+ Will+ Regen+
                  | MP-9 Str+3 Stlth+} (3980 gold, have 291).
  4023 | D:5      | 4023 ||| SHOPLISTING ring of New Discoveries {Contam rElec
                  | rF+ rC+ Str+5 Slay+2} (5930 gold, have 291).
  4073 | D:5      | 4073 ||| DRINKING 2 orange potions.
  4074 | D:5      | 4074 ||| READING 2 scrolls of identify.
  4074 | D:5      | 4074 ||| IDENTIFYING fuming puce potion
  4097 | D:6      | Reached skill level 3 in Dodging
  4187 | D:6      | Reached XP level 8. HP: 64/68 MP: 8/8
  4200 | D:6      | HP: 15/68 [gnoll/+0 flail[a gnoll bouda] (5)]
  4200 | D:6      | HP: 4/68 [gnoll sergeant/+0 trident (7)]
  4201 | D:6      | 4201 ||| READING 2 scrolls of teleportation.
  4201 | D:6      | Slain by a gnoll sergeant

Levels and vault maps discovered:
D:1:      sevenhm_arrival_forest_fort_small_6, layout_basic
D:2:      layout_loops_cross, dreamdust_wishing_well
D:3:      layout_loops_ring, shapermc_ecumenical_altar_petra
D:4:      layout_rooms, nicolae_tso_carved_into_rock, uniq_grinder
D:5:      layout_cave_pools, kennysheep_little_box,
          nicolae_gozag_zags_fifth_avenue, uniq_prince_ribbit1
D:6:      layout_basic, mainiacjoe_overflow_boulevard, minmay_temple_entry_wispy

Skill      XL: |  1  2  3  4  5  6  7 |
---------------+----------------------+-----
Ranged Weapons | 3 4 5 7 8 |  8.7
Fighting       | 2 5 |  5.3
Armour         | 1 2 |  2.4
Dodging        | 3 |  3.2
Spellcasting   | |  1.0
Hexes          | |  2.0

Action                     |  1- 3 |  4- 6 |  7- 9 || total
---------------------------+-------+-------+-------++-------
   Fire: Sling             |    93 |       |       ||    93
         Orcbow            |    12 |   102 |    85 ||   199
    Use: Scroll            |    10 |     4 |     2 ||    16
         Potion            |     1 |     1 |     1 ||     3
 Armour: Robe              |     3 |       |       ||     3
         Leather armour    |    12 |       |       ||    12
         Ring mail         |     3 |    41 |    37 ||    81
  Dodge: Dodged            |    37 |    38 |    66 ||   141

Table legend:
 A = Non-vault XP
 B = Vault XP
 C = Vault XP percentage of total XP
 D = Non-vault monster count
 E = Vault monster count
 F = Vault count percentage of total count
                 A         B        C        D         E       F
            +---------+---------+-------+---------+---------+-------
      Total |     996 |     553 |  35.7 |      92 |       2 |   2.1
            +---------+---------+-------+---------+---------+-------
        D:1 |      44 |       0 |   0.0 |      26 |       0 |   0.0
        D:2 |      21 |       0 |   0.0 |      14 |       0 |   0.0
        D:3 |      29 |       0 |   0.0 |       9 |       0 |   0.0
        D:4 |     239 |     267 |  52.8 |      18 |       1 |   5.3
        D:5 |     304 |     286 |  48.5 |      15 |       1 |   6.2
        D:6 |     359 |       0 |   0.0 |      10 |       0 |   0.0
            +---------+---------+-------+---------+---------+-------
